 Dungeon Crawl Stone Soup version 0.32-a0-705-g60f233581c (webtiles) character file.

Game seed: 16309328311538505000

240 hikkokomori the Shooter (level 6, 0/47 HPs)
             Began as a Coglin Hunter on Mar 14, 2024.
             Slain by a gnoll
             ... wielding a +0 spear
              (6 damage)
             ... on level 5 of the Dungeon.
             The game lasted 00:06:37 (2769 turns).

hikkokomori the Shooter (Coglin Hunter)             Turns: 2769, Time: 00:06:37

Health: 0/47       AC:  4    Str: 12    XL:     6   Next: 8%
Magic:  6/6        EV: 12    Int:  8    God:
Gold:   90         SH:  0    Dex: 19    Spells: 5/5 levels left

rFire   . . .        a - +2 sling {Wenzel}
rCold   . . .        d - +0 sling {Ingwe}
rNeg    . . .        c - +0 leather armour
rPois   .            (no helmet)
rElec   .            r - +0 cloak
rCorr   .            (no gloves)
SInv    .            (no boots)
Will    .....        (amulet unavailable)
Stlth   ++           (ring unavailable)
HPRegen 0.27/turn    (ring unavailable)
MPRegen 0.10/turn    (no gizmo)

%: no passive effects
@: revved
A: off-hand wielding, slow wielding, warmup strikes, no jewellery
a: Invent Gizmo


You were on level 5 of the Dungeon.
You visited 1 branch of the dungeon, and saw 5 of its levels.

You collected 228 gold pieces.
You spent 138 gold pieces at shops.

Inventory:

Hand Weapons
 a - a +2 sling (weapon) {Wenzel}
 d - a +0 sling (offhand) {Ingwe}
 i - a +0 flail
Missiles
 g - a throwing net
Armour
 c - a +0 leather armour (worn)
 r - a +0 cloak (worn)
Scrolls
 b - 3 scrolls of butterflies
 f - 4 scrolls of fog {unknown}
 j - a scroll of enchant weapon {unknown}
 k - a scroll of acquirement
 m - a scroll of noise
 n - a scroll of amnesia
 p - 2 scrolls of revelation
Potions
 e - 2 potions of attraction
 h - 3 potions of curing
 l - a potion of enlightenment
 o - a potion of mutation
 q - a potion of cancellation


   Skills:
 + Level 3.4 Fighting
 + Level 4.5 Ranged Weapons
 - Level 3.1 Dodging
 + Level 2.6 Stealth


You had 5 spell levels left.
You didn't know any spells.
Your spell library contained the following spells:

 Spells                   Type           Power      Damage    Failure   Level
 Ensorcelled Hibernation  Hex/Ice        0%         N/A       63%         2
 Passwall                 Erth           0%         N/A       86%         3
 Swiftness                Air            0%         N/A       86%         3


Dungeon Overview and Level Annotations

Branches:
Dungeon (5/15)
 Temple: D:4-7

Altars:
Vehumet

Shops:
D:2 :   D:3 ?

Annotations:
D:3 3 runed translucent doors, ninjaread99's ghost, amateur DrCj; ytrimaz's ghost, amateur OpEE


Innate Abilities, Weirdness & Mutations

You can wield a second weapon in your off-hand.
It takes a long time for you to wield or remove held weapons.
Your first few attacks do less damage.
You cannot equip rings or amulets.


Message History

You are too injured to fight recklessly!
You are too injured to fight recklessly!
You are too injured to fight recklessly!
You are too injured to fight recklessly!
You are too injured to fight recklessly!
You are too injured to fight recklessly!
You are too injured to fight recklessly!
You are too injured to fight recklessly!
You are too injured to fight recklessly!
You are too injured to fight recklessly!
You are too injured to fight recklessly!
You are too injured to fight recklessly!
You are too injured to fight recklessly!
You are too injured to fight recklessly!
You are too injured to fight recklessly!
You are too injured to fight recklessly!
You shoot a sling bullet.
The sling bullet hits the ogre but does no damage.
The ogre is heavily wounded.
You shoot a sling bullet. The sling bullet hits the ogre.
The ogre is heavily wounded.
The ogre closely misses you.
You shoot a sling bullet. The sling bullet hits the ogre.
The ogre is severely wounded.
You shoot a sling bullet. The sling bullet hits the ogre.
The ogre is almost dead.
The ogre hits you but does no damage. The gnoll misses you.
You shoot a sling bullet.
The sling bullet barely misses the ogre.
You shoot a sling bullet. The sling bullet hits the ogre.
The ogre is almost dead.
The gnoll hits you from afar with a +0 spear.
The ogre hits you with a +0 giant club!!
* * * LOW HITPOINT WARNING * * *
You shoot a sling bullet.
The sling bullet closely misses the ogre.
You shoot a sling bullet.
The sling bullet barely misses the ogre.
The gnoll hits you from afar with a +0 spear.
You die...

## ...###
......####
..#...O..##
.......@..#
#._/#......#
. ...g.....#
..#........#
..........#
..........<#
...........#
..........##


You could see an ogre and a gnoll.

Vanquished Creatures
  A scorpion (D:4)
  A bombardier beetle (D:4)
  A hound (D:2)
  2 gnolls
  5 adders
  3 ribbon worms (D:2)
  An orc (D:4)
  A bat (D:3)
  4 endoplasms
  A giant cockroach (D:1)
  5 hobgoblins
  4 jackals (D:3)
  3 quokkas
  3 ball pythons
  2 frilled lizards (D:1)
  2 goblins
  9 kobolds
  3 rats
51 creatures vanquished.

Notes
Turn   | Place    | Note
-------+----------+-------------------------------------------
     0 | D:1      | hikkokomori the Coglin Hunter began the quest for the Orb.
     0 | D:1      | Reached XP level 1. HP: 16/16 MP: 1/1
    35 | D:1      | Reached skill level 1 in Stealth
    58 | D:1      | Reached XP level 2. HP: 22/22 MP: 2/2
   163 | D:1      | Found a faded altar of an unknown god.
   640 | D:2      | Reached XP level 3. HP: 28/28 MP: 3/3
   756 | D:2      | Reached skill level 4 in Ranged Weapons
  1164 | D:2      | Reached XP level 4. HP: 24/34 MP: 4/4
  1274 | D:2      | Found Haogigec's Book Shop.
  1712 | D:3      | Found a runed translucent gate.
  1714 | D:3      | Found a runed translucent gate.
  1737 | D:3      | Found Citetis's Magic Scroll Boutique.
  1743 | D:3      | Bought a scroll of revelation for 90 gold pieces
  1743 | D:3      | Bought a scroll of identify for 24 gold pieces
  1743 | D:3      | Bought a scroll of identify for 24 gold pieces
  1799 | D:3      | Found a runed translucent gate.
  1839 | D:3      | Noticed ninjaread99's ghost (amateur DrCj)
  1840 | D:3      | Noticed ytrimaz's ghost (amateur OpEE)
  2046 | D:4      | Noticed a scorpion
  2054 | D:4      | Killed a scorpion
  2055 | D:4      | Reached XP level 5. HP: 37/41 MP: 5/5
  2724 | D:5      | Entered Level 5 of the Dungeon
  2724 | D:5      | Found a radiant altar of Vehumet.
  2727 | D:5      | Noticed an ogre
  2730 | D:5      | Reached XP level 6. HP: 47/47 MP: 6/6
  2743 | D:4      | Identified a scroll of acquirement
  2769 | D:5      | Slain by a gnoll

Illustrated notes

Levels and vault maps discovered:
D:1:      minmay_arrival_four_circles, layout_rooms,
          ebering_ecumenical_altar_hall, skrybe_limestone_x
D:2:      layout_basic, serial_shops, shop, hangedman_decor_push,
          chequers_avenue, nicolae_half_adder
D:3:      layout_loops_cross, gammafunk_ghost_cemetery, serial_shops, shop
D:4:      layout_basic, kennysheep_generic_room_16
D:5:      layout_rooms, vehumet_altar_wand_db, hangedman_ru_absence,
          mainiacjoe_overflow_24_doors, kiku_gazebo_garden_becter,
          nicolae_tricolors, uniq_sigmund

Skill      XL: |  1  2  3  4  5 |
---------------+----------------+-----
Stealth        | 1 2 |  2.6
Dodging        | 2 3 |  3.1
Ranged Weapons | 4 |  4.5
Fighting       | 3 |  3.4

Action                     |  1- 3 |  4- 6 || total
---------------------------+-------+-------++-------
   Fire: Sling             |    92 |   166 ||   258
    Use: Scroll            |       |     8 ||     8
 Armour: Leather armour    |     6 |    17 ||    23
  Dodge: Dodged            |     2 |    15 ||    17

Table legend: (Time is in decaauts)
 A = Elapsed time spent in this place.
 B = Non-inter-level travel time spent in this place.
 C = Inter-level travel time spent in this place.
 D = Time resting spent in this place.
 E = Time spent auto-exploring this place.
 F = Levels seen in this place.
 G = Mean time per level.
                   A        B        C        D        E       F      G
               +--------+--------+--------+--------+--------+-----+--------+
         Total |   2799 |   2669 |    130 |      0 |   2322 |   5 |  559.8 |
       Dungeon |   2799 |   2669 |    130 |      0 |   2322 |   5 |  559.8 |
               +--------+--------+--------+--------+--------+-----+--------+

Top non-repeatable levels by time:
     D:2: 848 daAuts
     D:4: 715 daAuts
     D:3: 679 daAuts
     D:1: 537 daAuts
     D:5: 17 daAuts
